 Dungeon Crawl Stone Soup version 0.30-a0-377-g5cb311bc9f (webtiles) character file.

Game seed: 18393957164337394995

280 KennySheep the Shooter (level 5, -1/45 HPs)
             Began as a Demigod Hunter on Nov 28, 2022.
             Slain by an ogre
             ... wielding a +0 giant spiked club
              (3 damage)
             ... on level 4 of the Dungeon.
             The game lasted 00:08:33 (2493 turns).

KennySheep the Shooter (Demigod Hunter)             Turns: 2493, Time: 00:08:34

Health: -1/45      AC:  6    Str: 12    XL:     5   Next: 76%
Magic:  0/7        EV: 13    Int: 11    God:
Gold:   181        SH:  0    Dex: 21    Spells: 4/4 levels left

rFire   . . .      SeeInvis +    a - +0 shortbow
rCold   . . .      Faith    .    (shield currently unavailable)
rNeg    . . .      Spirit   +    c - +0 leather armour
rPois   .          Reflect  .    (no helmet)
rElec   .          Harm     .    (no cloak)
rCorr   +          Rampage  .    h - +2 pair of gloves
Will    .....                    (no boots)
Stlth   ++........               x - amulet of guardian spirit
HPRegen 0.27/turn                o - ring of see invisible
MPRegen 0.10/turn                f - ring of resist corrosion

@: mighty, about to teleport, attractive
A: high MP 1, forlorn, divine attributes
a: no special abilities


You were on level 4 of the Dungeon.
You visited 1 branch of the dungeon, and saw 4 of its levels.

You collected 181 gold pieces.

Inventory:

Hand Weapons
 a - a +0 shortbow (weapon)
 b - a +2 antimagic dagger
Armour
 c - a +0 leather armour (worn)
 h - a +2 pair of gloves (worn)
Jewellery
 f - a ring of resist corrosion (right hand)
 o - a ring of see invisible (left hand)
 x - an amulet of guardian spirit (around neck)
 B - a ring of ice
Scrolls
 g - a scroll of magic mapping {unknown}
 i - 2 scrolls of vulnerability {unknown}
 k - a scroll of identify
 m - a scroll of blinking {unknown}
 s - a scroll of summoning {unknown}
 t - a scroll of enchant weapon {unknown}
 v - a scroll of poison {unknown}
 w - a scroll of brand weapon {unknown}
 y - a scroll of enchant armour {unknown}
 z - 2 scrolls of teleportation
 A - a scroll of immolation
 C - a scroll of fear
Potions
 d - a potion of resistance {unknown}
 e - a potion of curing {unknown}
 j - a potion of flight {unknown}
 l - a potion of might
 p - 2 potions of attraction
 q - a potion of haste {unknown}
 r - a potion of cancellation {unknown}
 u - a potion of degeneration {unknown}


   Skills:
 + Level 3.0 Fighting
 * Level 5.0 Ranged Weapons
 + Level 3.0 Dodging
 + Level 2.6 Stealth


You had 4 spell levels left.
You didn't know any spells.
Your spell library contained the following spells:

 Spells                   Type           Power      Damage    Failure   Level
 Cigotuvi's Dreadful Rot  Necr/Pois/Air  0%         N/A       56%         2
 Inner Flame              Hex/Fire       0%         N/A       80%         3
 Cause Fear               Hex            0%         N/A       99%         4
 Dispel Undead            Necr           0%         3d6       99%         4
 Death Channel            Necr           0%         N/A       100%        6
 Discord                  Hex            0%         N/A       100%        8


Dungeon Overview and Level Annotations

Branches:
Dungeon (4/15)
 Temple: D:4-7

Shops:
D:2 =[   D:3 [


Innate Abilities, Weirdness & Mutations

You have an increased reservoir of magic. (+10% MP)
You shall have no god before yourself.
Your divine heritage dramatically boosts your attributes as you level up.


Message History

The black bear bites you.
The black bear claws you but does no damage.
The black bear completely misses you.
You shoot an arrow. The arrow hits the black bear!
You kill the black bear!
Your Fighting skill increases to level 3!
Your Ranged Weapons skill increases to level 5!
Your Dodging skill increases to level 3!
Okay, then.
Okay, then.
You shoot an arrow. The arrow barely misses the ogre.
The ogre misses you.
You shoot an arrow. The arrow barely misses the ogre.
The ogre hits you with a +0 giant spiked club!!
It was a potion of might.
You feel very mighty all of a sudden.
It was a potion of attraction.
You feel attractive to monsters. The ogre closely misses you.
It was a potion of heal wounds.
You feel much better. The ogre barely misses you.
You shoot an arrow. The arrow hits the ogre.
The ogre is moderately wounded.
The ogre hits you with a +0 giant spiked club!!
You shoot an arrow. The arrow hits the ogre.
The ogre is moderately wounded.
The ogre hits you with a +0 giant spiked club!!
Ouch! That really hurt!
* * * LOW HITPOINT WARNING * * *
You feel much better.
Okay, then.
As you read the scroll labelled CUDDOT EDUTUOM, it crumbles to dust.
You feel strangely unstable.
It was a scroll of teleportation.
The ogre hits you with a +0 giant spiked club!!
Ouch! That really hurt!
* * * LOW HITPOINT WARNING * * *
As you read the scroll labelled KEETSY YHIYL, it crumbles to dust.
It is a scroll of identify.
C - a scroll of fear The ogre hits you with a +0 giant spiked club.
You die...

..#........#
..#........#
...#.......###
.............###
...#...........##
...#............#
...............##
....#..........####
#...#.........##@.##
###.##..........O..#
..##...........##
......#.......#
......#...##..... .
.....#...####...$ .
.... #...# ..## ##.
...... ...# ......
.##


You could see an ogre.

Vanquished Creatures
  A black bear (D:4)
  An iguana (D:3)
  An orc wizard (D:3)
  4 adders
  4 worms (D:2)
  6 orcs (D:3)
  11 bats
  6 endoplasms
  4 giant cockroaches
  3 goblins
  8 hobgoblins
  4 jackals (D:2)
  7 kobolds
  4 quokkas
  4 ball pythons
  3 frilled lizards
  7 rats
78 creatures vanquished.

Vanquished Creatures (others)
  6 fungi (D:1)
  6 plants (D:1)
12 creatures vanquished.

Grand Total: 90 creatures vanquished

Notes
Turn   | Place    | Note
-------+----------+-------------------------------------------
     0 | D:1      | KennySheep the Demigod Hunter began the quest for the Orb.
     0 | D:1      | Reached XP level 1. HP: 17/17 MP: 3/3
    32 | D:1      | Reached skill level 1 in Stealth
   116 | D:1      | Reached XP level 2. HP: 24/24 MP: 4/4
   672 | D:2      | Reached skill level 4 in Ranged Weapons
   742 | D:2      | Found Ixes's Antique Armour Boutique.
   833 | D:2      | Reached XP level 3. HP: 25/29 MP: 5/5
   931 | D:2      | Found Muavaopp's Jewellery Emporium.
  1513 | D:3      | Reached XP level 4. HP: 10/37 MP: 6/6
  1767 | D:3      | Found Jerheiz's Armour Emporium.
  2092 | D:3      | Reached XP level 5. HP: 29/42 MP: 5/7
  2368 | D:4      | Noticed an ogre
  2474 | D:4      | Noticed a black bear
  2483 | D:4      | Killed a black bear
  2484 | D:4      | Reached skill level 5 in Ranged Weapons
  2492 | D:4      | HP: 1/45 [ogre/+0 giant spiked club (33)]
  2493 | D:4      | Slain by an ogre

Illustrated notes

Levels and vault maps discovered:
D:1:      zelgadis_glass_arrival_small, layout_loops_cross,
          shapermc_ecumenical_altar_mp_urbaneastern
D:2:      layout_basic, serial_corexii_hall, chequers_hall_statues_corner_a,
          chequers_hall_statues_wall_a, serial_shops,
          nicolae_shop_window_shopping, shop, minmay_vboxes
D:3:      layout_basic, serial_shops, shop_fountains
D:4:      layout_cave_pools, temple_hall

Skill      XL: |  1  2  3  4  5 |
---------------+----------------+-----
Stealth        | 1 2 |  2.6
Fighting       | 2 3 |  3.0
Dodging        | 2 3 |  3.0
Ranged Weapons | 4 5 |  5.0

Action                   |  1- 3 |  4- 6 || total
-------------------------+-------+-------++-------
 Fire: Shortbow          |   146 |    91 ||   237
  Use: Potion            |       |     4 ||     4
       Scroll            |       |     2 ||     2
Armor: Leather armour    |    19 |    22 ||    41
Dodge: Dodged            |    44 |    39 ||    83

Table legend: (Time is in decaauts)
 A = Elapsed time spent in this place.
 B = Non-inter-level travel time spent in this place.
 C = Inter-level travel time spent in this place.
 D = Time resting spent in this place.
 E = Time spent auto-exploring this place.
 F = Levels seen in this place.
 G = Mean time per level.
                   A        B        C        D        E       F      G
               +--------+--------+--------+--------+--------+-----+--------+
         Total |   2570 |   2490 |     80 |    244 |   1750 |   4 |  642.5 |
       Dungeon |   2570 |   2490 |     80 |    244 |   1750 |   4 |  642.5 |
               +--------+--------+--------+--------+--------+-----+--------+

Top non-repeatable levels by time:
     D:3: 933 daAuts
     D:2: 867 daAuts
     D:1: 669 daAuts
     D:4: 100 daAuts
